| TOP OF THE 1ST |
|
Miami Marlins batting - Pitching for New York Mets : RHP Billy McIntyre
|
|
Pitching: RHP Billy McIntyre
|
|
|
Batting: RHB Roger Salazar
|
0-0: Ball 1-0: Ball 2-0: Swinging Strike 2-1: Ball 3-1: Foul Ball, location: 2F 3-2: Foul Ball, location: 2F 3-2: Foul Ball, location: 2F 3-2: Ground out 5-3 (Groundball, 5, EV 82.5 MPH)
|
|
Batting: RHB Bert Clark
|
0-0: Called Strike 0-1: Ball 1-1: Called Strike 1-2: Strikes out swinging
|
|
Batting: LHB Andre Gorter
|
0-0: Called Strike 0-1: Ball 1-1: Ground out 1-4-3 (Groundball, 15S, EV 105.6 MPH)
|
| Top of the 1st over - 0 runs, 0 hits, 0 errors, 0 left on base; Miami 0 - New York 0 |
| BOTTOM OF THE 1ST |
|
New York Mets batting - Pitching for Miami Marlins : RHP Timóteo Metzener
|
|
Pitching: RHP Timóteo Metzener
|
|
|
Batting: RHB Finn Ross
|
0-0: Swinging Strike 0-1: Foul Ball, location: 2F 0-2: Ball 1-2: Foul Ball, location: 2F 1-2: Foul Ball, location: 2F 1-2: Ball 2-2: Foul Ball, location: 2F 2-2: Ball 3-2: Strikes out swinging
|
|
Batting: LHB Kevin Bellman
|
0-0: Called Strike 0-1: Foul Ball, location: 2F 0-2: Ball 1-2: Ball 2-2: Ball 3-2: Ground out U3 (Groundball, 3S, EV 70.6 MPH)
|
|
Batting: SHB Sean Cook
|
0-0: Called Strike 0-1: Foul Ball, location: 2F 0-2: Strikes out looking
|
| Bottom of the 1st over - 0 runs, 0 hits, 0 errors, 0 left on base; Miami 0 - New York 0 |
| TOP OF THE 2ND |
|
Miami Marlins batting - Pitching for New York Mets : RHP Billy McIntyre
|
|
Batting: RHB Jimmy Groseclose
|
0-0: Ground out 5-3 (Groundball, 5, EV 88.8 MPH)
|
|
Batting: LHB Jose Bregaro
|
0-0: Ground out 4-3 (Groundball, 4, EV 85.6 MPH)
|
|
Batting: RHB Tony Stedman
|
0-0: Called Strike 0-1: Ball 1-1: Ball 2-1: Foul Ball, location: 2F 2-2: Foul Ball, location: 2F 2-2: Strikes out swinging
|
| Top of the 2nd over - 0 runs, 0 hits, 0 errors, 0 left on base; Miami 0 - New York 0 |
| BOTTOM OF THE 2ND |
|
New York Mets batting - Pitching for Miami Marlins : RHP Timóteo Metzener
|
|
Batting: RHB Jeff Jank
|
0-0: Ball 1-0: Called Strike 1-1: Foul Ball, location: 2F 1-2: Strikes out swinging
|
|
Batting: SHB Roberto Magne
|
0-0: Ball 1-0: Called Strike 1-1: Ball 2-1: Foul Ball, location: 2F 2-2: SINGLE (Line Drive, 6D, EV 98.8 MPH)
|
|
Batting: RHB Drtian Thaqi
|
0-0: Ball 1-0: Called Strike 1-1: Ball Wild Pitch! Roberto Magne to second 2-1: Called Strike 2-2: Strikes out swinging
|
|
Batting: SHB Nelle van den Berg
|
0-0: Fly out, F5 (Popup, 6S, EV 71.2 MPH)
|
| Bottom of the 2nd over - 0 runs, 1 hit, 0 errors, 1 left on base; Miami 0 - New York 0 |
| TOP OF THE 3RD |
|
Miami Marlins batting - Pitching for New York Mets : RHP Billy McIntyre
|
|
Batting: RHB Mike Gar
|
0-0: Called Strike 0-1: SINGLE (Flyball, 89S, EV 90.6 MPH)
|
|
Batting: SHB Ramon Martinez
|
0-0: Ball 1-0: Foul Ball, location: 2F 1-1: Ball Mike Gar steals 2nd base 2-1: Called Strike 2-2: Strikes out looking
|
|
Batting: RHB Alberto Cotto
|
0-0: Called Strike 0-1: Ball 1-1: Foul Ball, location: 2F 1-2: Ground out 6-3 (Groundball, 6, EV 103.8 MPH)
|
|
Batting: RHB Roger Salazar
|
0-0: Ball 1-0: Ball 2-0: Swinging Strike 2-1: Ground out 6-3 (Groundball, 6M, EV 83.1 MPH)
|
| Top of the 3rd over - 0 runs, 1 hit, 0 errors, 1 left on base; Miami 0 - New York 0 |
| BOTTOM OF THE 3RD |
|
New York Mets batting - Pitching for Miami Marlins : RHP Timóteo Metzener
|
|
Batting: RHB Antonio Aranda
|
0-0: Swinging Strike 0-1: Swinging Strike 0-2: Ground out 4-3 (Groundball, 4M, EV 101.2 MPH)
|
|
Batting: RHB Mike Phillips
|
0-0: Foul Ball, location: 2F 0-1: Swinging Strike 0-2: Foul Ball, location: 2F 0-2: Ball 1-2: Foul Ball, location: 2F 1-2: Strikes out looking
|
|
Batting: RHB Finn Ross
|
0-0: Ball 1-0: Foul Ball, location: 2F 1-1: Ball 2-1: Called Strike 2-2: Ball 3-2: Strikes out swinging
|
| Bottom of the 3rd over - 0 runs, 0 hits, 0 errors, 0 left on base; Miami 0 - New York 0 |
| TOP OF THE 4TH |
|
Miami Marlins batting - Pitching for New York Mets : RHP Billy McIntyre
|
|
Batting: RHB Bert Clark
|
0-0: Foul Ball, location: 2F 0-1: Ball 1-1: Ground out 2-3 (Groundball, 2R, EV 68.1 MPH)
|
|
Batting: LHB Andre Gorter
|
0-0: Ball 1-0: Ball 2-0: Ball 3-0: Base on Balls
|
|
Batting: RHB Jimmy Groseclose
|
0-0: Ball 1-0: Grounds into double play, 6-4-3 (Groundball, 6M, EV 92.5 MPH)
|
| Top of the 4th over - 0 runs, 0 hits, 0 errors, 0 left on base; Miami 0 - New York 0 |
| BOTTOM OF THE 4TH |
|
New York Mets batting - Pitching for Miami Marlins : RHP Timóteo Metzener
|
|
Batting: LHB Kevin Bellman
|
0-0: Ball 1-0: Foul Ball, location: 2F 1-1: Swinging Strike 1-2: Ball 2-2: Strikes out swinging
|
|
Batting: SHB Sean Cook
|
0-0: Foul Ball, location: 2F 0-1: Ball 1-1: Ball 2-1: Swinging Strike 2-2: Ball 3-2: Base on Balls
|
|
Batting: RHB Jeff Jank
|
0-0: Called Strike Sean Cook steals 2nd base 0-1: Ball 1-1: Ball 2-1: Ball 3-1: Fly out, F9 (Flyball, 89M, EV 90.6 MPH)
|
|
Batting: SHB Roberto Magne
|
0-0: Ball 1-0: Ball 2-0: Fly out, F9 (Flyball, 89M, EV 75.6 MPH)
|
| Bottom of the 4th over - 0 runs, 0 hits, 0 errors, 1 left on base; Miami 0 - New York 0 |
| TOP OF THE 5TH |
|
Miami Marlins batting - Pitching for New York Mets : RHP Billy McIntyre
|
|
Batting: LHB Jose Bregaro
|
0-0: Ball 1-0: Foul Ball, location: 2F 1-1: Called Strike 1-2: Strikes out swinging
|
|
Batting: RHB Tony Stedman
|
0-0: Foul Ball, location: 2F 0-1: Ball 1-1: Swinging Strike 1-2: Ground out 6-3 (Groundball, P, EV 90.6 MPH)
|
|
Batting: RHB Mike Gar
|
0-0: Called Strike 0-1: Foul Ball, location: 2F 0-2: Ball 1-2: Foul Ball, location: 2F 1-2: Ball 2-2: SINGLE (Groundball, 4MD, EV 95.6 MPH)
|
|
Batting: SHB Ramon Martinez
|
0-0: Ball 1-0: Called Strike Mike Gar steals 2nd base 1-1: Called Strike 1-2: Ground out U3 (Groundball, 34, EV 107.5 MPH)
|
| Top of the 5th over - 0 runs, 1 hit, 0 errors, 1 left on base; Miami 0 - New York 0 |
| BOTTOM OF THE 5TH |
|
New York Mets batting - Pitching for Miami Marlins : RHP Timóteo Metzener
|
|
Batting: RHB Drtian Thaqi
|
0-0: Ball 1-0: Ball 2-0: Called Strike 2-1: Ball 3-1: Base on Balls
|
|
Batting: SHB Nelle van den Berg
|
0-0: Called Strike 0-1: Ball 1-1: Foul Ball, location: 2F 1-2: SINGLE (Groundball, 6MD, EV 106.2 MPH) Drtian Thaqi to second Runner from 2nd tries for 3rd, SAFE, throw by CF made to third
|
|
Batting: RHB Antonio Aranda
|
0-0: Ball Nelle van den Berg steals 2nd base 1-0: Called Strike 1-1: Ball 2-1: Called Strike 2-2: Ball 3-2: Base on Balls
|
|
Batting: RHB Mike Phillips
|
0-0: Ball 1-0: Ball 2-0: Swinging Strike 2-1: Called Strike 2-2: Ball 3-2: Fly out, F7 (Flyball, 78M, EV 90.6 MPH) Runner from 3rd tags up, OUT at HOME! 7-2 Nelle van den Berg to third Antonio Aranda to second
|
|
Batting: RHB Finn Ross
|
0-0: Foul Ball, location: 2F 0-1: Ball 1-1: Called Strike 1-2: Strikes out looking
|
| Bottom of the 5th over - 0 runs, 1 hit, 0 errors, 2 left on base; Miami 0 - New York 0 |
| TOP OF THE 6TH |
|
Miami Marlins batting - Pitching for New York Mets : RHP Billy McIntyre
|
|
Batting: RHB Alberto Cotto
|
0-0: Ball 1-0: Ground out 4-3 (Groundball, 4, EV 105.6 MPH)
|
|
Batting: RHB Roger Salazar
|
0-0: Called Strike 0-1: Ball 1-1: Called Strike 1-2: Strikes out swinging
|
|
Batting: RHB Bert Clark
|
0-0: Ball 1-0: Swinging Strike 1-1: Fly out, F9 (Flyball, 9D, EV 103.1 MPH)
|
| Top of the 6th over - 0 runs, 0 hits, 0 errors, 0 left on base; Miami 0 - New York 0 |
| BOTTOM OF THE 6TH |
|
New York Mets batting - Pitching for Miami Marlins : RHP Timóteo Metzener
|
|
Batting: LHB Kevin Bellman
|
0-0: Fly out, F9 (Flyball, 9LS, EV 88.8 MPH)
|
|
Batting: SHB Sean Cook
|
0-0: Ball 1-0: Foul Ball, location: 2F 1-1: Ball 2-1: Fly out, F5 (Popup, 5SF, EV 65.0 MPH)
|
|
Batting: RHB Jeff Jank
|
0-0: Ball 1-0: Called Strike 1-1: Ball 2-1: Foul Ball, location: 2F 2-2: Ball 3-2: Base on Balls
|
|
Batting: SHB Roberto Magne
|
0-0: Ball 1-0: Called Strike Jeff Jank steals 2nd base (no throw) 1-1: Intentional Walk
|
|
Batting: RHB Drtian Thaqi
|
0-0: Ball Wild Pitch! Jeff Jank to third Roberto Magne to second 1-0: Ball 2-0: Called Strike 2-1: SINGLE (Flyball, 89S, EV 90.6 MPH) Jeff Jank scores Roberto Magne to third Runner from 3rd tries for Home, SAFE, throw by CF to home
|
|
Pitching: RHP Chris Funderburg
|
|
|
Batting: SHB Nelle van den Berg
|
0-0: Called Strike 0-1: Ground out U3 (Groundball, 3S, EV 69.4 MPH)
|
| Bottom of the 6th over - 2 runs, 1 hit, 0 errors, 1 left on base; Miami 0 - New York 2 |
| TOP OF THE 7TH |
|
Miami Marlins batting - Pitching for New York Mets : RHP Billy McIntyre
|
|
Batting: LHB Andre Gorter
|
0-0: Ball 1-0: Ball 2-0: Ball 3-0: Called Strike 3-1: Called Strike 3-2: Strikes out swinging
|
|
Batting: RHB Jimmy Groseclose
|
0-0: Foul Ball, location: 2F 0-1: Ball 1-1: Swinging Strike 1-2: Ball 2-2: Foul Ball, location: 2F 2-2: Ground out 5-3 (Groundball, 5S, EV 76.2 MPH)
|
|
Batting: LHB Jose Bregaro
|
0-0: Swinging Strike 0-1: Swinging Strike 0-2: Ball 1-2: Ground out U3 (Groundball, 34, EV 104.4 MPH)
|
| Top of the 7th over - 0 runs, 0 hits, 0 errors, 0 left on base; Miami 0 - New York 2 |
| BOTTOM OF THE 7TH |
|
New York Mets batting - Pitching for Miami Marlins : RHP Chris Funderburg
|
|
Batting: RHB Antonio Aranda
|
0-0: Ball 1-0: Called Strike 1-1: Ball 2-1: Foul Ball, location: 2F 2-2: Foul Ball, location: 2F 2-2: Fly out, F9 (Flyball, 89D, EV 87.5 MPH)
|
|
Batting: RHB Mike Phillips
|
0-0: Ball 1-0: Called Strike 1-1: Fly out, F8 (Flyball, 89M, EV 80.6 MPH)
|
|
Batting: RHB Finn Ross
|
0-0: Ball 1-0: Ball 2-0: Ball 3-0: SINGLE (Groundball, 25, EV 65.0 MPH) (infield hit)
|
|
Batting: LHB Kevin Bellman
|
0-0: Ball 1-0: Swinging Strike 1-1: Foul Ball, location: 2F 1-2: Ball 2-2: Strikes out swinging
|
| Bottom of the 7th over - 0 runs, 1 hit, 0 errors, 1 left on base; Miami 0 - New York 2 |
| TOP OF THE 8TH |
|
Miami Marlins batting - Pitching for New York Mets : RHP Billy McIntyre
|
|
Batting: RHB Tony Stedman
|
0-0: Ball 1-0: Ground out 1-3 (Groundball, 13S, EV 72.5 MPH)
|
|
Pinch Hitting: LHB Adam Durgin
|
0-0: Ground out 4-3 (Groundball, 4, EV 89.4 MPH)
|
|
Batting: SHB Ramon Martinez
|
0-0: Fly out, F2 (Popup, 25F, EV 88.8 MPH)
|
| Top of the 8th over - 0 runs, 0 hits, 0 errors, 0 left on base; Miami 0 - New York 2 |
| BOTTOM OF THE 8TH |
|
New York Mets batting - Pitching for Miami Marlins : RHP Chris Funderburg
|
|
Now at 1B: Zhi-bin Ou-yang
|
|
|
Batting: SHB Sean Cook
|
0-0: Ball 1-0: Foul Ball, location: 2F 1-1: Ball 2-1: Swinging Strike 2-2: SINGLE (Groundball, 25, EV 64.4 MPH) (infield hit)
|
|
Batting: RHB Jeff Jank
|
0-0: Ball 1-0: Ball 2-0: Called Strike 2-1: Grounds into double play, 4-6-3 (Groundball, 4, EV 100.0 MPH)
|
|
Batting: SHB Roberto Magne
|
0-0: Called Strike 0-1: Foul Ball, location: 2F 0-2: Foul Ball, location: 2F 0-2: Ball 1-2: Foul Ball, location: 2F 1-2: Strikes out swinging
|
| Bottom of the 8th over - 0 runs, 1 hit, 0 errors, 0 left on base; Miami 0 - New York 2 |
| TOP OF THE 9TH |
|
Miami Marlins batting - Pitching for New York Mets : RHP Billy McIntyre
|
|
Now in LF: Javy Rosa
|
|
|
Now in RF: Antonio Aranda
|
|
|
Batting: RHB Alberto Cotto
|
0-0: Ground out 4-3 (Groundball, 34, EV 82.5 MPH)
|
|
Batting: RHB Roger Salazar
|
0-0: Ball 1-0: Ball 2-0: Called Strike 2-1: Ball 3-1: Foul Ball, location: 2F 3-2: Foul Ball, location: 2F 3-2: Ground out 6-3 (Groundball, 6, EV 87.5 MPH)
|
|
Batting: RHB Bert Clark
|
0-0: Called Strike 0-1: Ball 1-1: Ball 2-1: Foul Ball, location: 2F 2-2: Foul Ball, location: 2F 2-2: Foul Ball, location: 2F 2-2: Foul Ball, location: 2F 2-2: Fly out, F7 (Flyball, 78S, EV 81.2 MPH)
|
| Top of the 9th over - 0 runs, 0 hits, 0 errors, 0 left on base; Miami 0 - New York 2 |
|